 Dungeon Crawl Stone Soup version 0.29.1-1-gd02db6906a (webtiles) character file.

Game seed: 8643938599548766452

1675 Demigod47 the Basher (level 8, 0/71 HPs)
             Began as a Minotaur Fighter on Oct 7, 2022.
             Slain by an unseen horror simulacrum (20 damage)
             ... on level 6 of the Dungeon.
             The game lasted 00:16:59 (6737 turns).

Demigod47 the Basher (Minotaur Fighter)             Turns: 6737, Time: 00:17:00

Health: 0/71       AC: 11    Str: 23    XL:     8   Next: 70%
Magic:  7/7        EV: 10    Int:  5    God:
Gold:   112        SH:  0    Dex: 10    Spells: 7/7 levels left

rFire   . . .      SeeInvis .   a - +0 flail
rCold   . . .      Faith    .   c - +0 buckler
rNeg    . . .      Spirit   .   b - +0 scale mail
rPois   .          Reflect  .   (helmet restricted)
rElec   .          Harm     .   (no cloak)
rCorr   .          Rampage  .   (no gloves)
Will    .....                   v - +2 pair of boots
Stlth   ..........              (no amulet)
HPRegen 0.21/turn               (no ring)
MPRegen 0.10/turn               (no ring)

@: confused, mighty, ambrosia-drunk, hasted, very quick
A: horns 2, retaliatory headbutt
a: no special abilities


You were on level 6 of the Dungeon.
You visited 1 branch of the dungeon, and saw 6 of its levels.

You collected 209 gold pieces.
You spent 97 gold pieces at shops.

Inventory:

Hand Weapons
 a - a +0 flail (weapon)
 i - a +4 short sword
 p - a +2 vorpal spear
 u - a +2 halberd of flaming
 y - a +3 great sword of freezing
Missiles
 f - a throwing net (quivered)
 o - 13 poisoned darts
 t - 4 boomerangs
Armour
 b - a +0 scale mail (worn)
 c - a +0 buckler (worn)
 m - a +0 pair of boots
 v - a +2 pair of boots (worn)
 B - +0 steam dragon scales
Jewellery
 k - an amulet of faith
 z - a ring of see invisible
Scrolls
 e - 5 scrolls of identify
 g - a scroll of amnesia
 h - 2 scrolls of teleportation
 j - 2 scrolls of blinking
 n - 2 scrolls of enchant weapon
 w - a scroll of immolation
 x - a scroll of enchant armour
Potions
 d - 2 potions of curing
 l - a potion of ambrosia
 r - a potion of flight
 A - a potion of lignification


   Skills:
 + Level 6.7 Fighting
 + Level 8.5 Maces & Flails
 + Level 7.6 Armour
 + Level 3.0 Dodging
 + Level 1.3 Stealth
 + Level 5.4 Shields


You had 7 spell levels left.
You didn't know any spells.
Your spell library contained the following spells:

 Spells                   Type           Power      Damage    Failure   Level
 Gell's Gravitas          Tloc           0%         N/A       99%         3
 Lesser Beckoning         Tloc           0%         N/A       99%         3
 Teleport Other           Tloc           0%         N/A       99%         3


Dungeon Overview and Level Annotations

Branches:
Dungeon (6/15)
 Temple: D:4-7

Altars:
Yredelemnul

Shops:
D:2 *

Annotations:
D:5 Eustachio
D:6 KamiKatze's ghost, novice PaFi


Innate Abilities, Weirdness & Mutations

You have a pair of horns on your head.
You reflexively headbutt those who attack you in melee.


Message History

You see here a +0 ring mail.
KamiKatze's ghost turns its malevolent gaze towards you.
Could not explore, unopened runed door.
You open the door.
You feel very mighty all of a sudden.
You feel yourself speed up.
You open the gate.
The unseen horror simulacrum hits you but does no damage.
The unseen horror simulacrum hits you but does no damage. x2
The unseen horror simulacrum attacks as you move away!
The unseen horror simulacrum barely misses you.
The unseen horror simulacrum hits you but does no damage.
The unseen horror simulacrum hits you.
The unseen horror simulacrum freezes you!
You block the unseen horror simulacrum's attack.
You barely miss KamiKatze's ghost. The unseen horror simulacrum hits you.
The unseen horror simulacrum freezes you!
The unseen horror simulacrum hits you but does no damage.
You sock KamiKatze's ghost! You headbutt KamiKatze's ghost.
KamiKatze's ghost is lightly damaged.
The unseen horror simulacrum hits you but does no damage.
KamiKatze's ghost hits you. The unseen horror simulacrum hits you.
The unseen horror simulacrum freezes you!
You sock KamiKatze's ghost! You headbutt KamiKatze's ghost.
KamiKatze's ghost is moderately damaged.
You block the unseen horror simulacrum's attack.
KamiKatze's ghost wails, "They lied to you.
The Dungeon just goes down and down forever."
KamiKatze's ghost hits you but does no damage.
You block the howler monkey skeleton's attack.
You are confused.
You feel invigorated. The unseen horror simulacrum hits you.
The unseen horror simulacrum freezes you!
* * * LOW HITPOINT WARNING * * *
The unseen horror simulacrum hits you but does no damage.
You hit KamiKatze's ghost.
KamiKatze's ghost is heavily damaged.
The unseen horror simulacrum hits you.
* * * LOW HITPOINT WARNING * * *
The unseen horror simulacrum freezes you!!
You die...

.....# #........#≈..##8.≈#.#
.....# #........#≈......≈#.#
.....# #........#≈≈≈..≈≈≈#.#
.....# #.......#####''####.#
.....# ####.......# #..# #.#
.....# #..........### ##.# #.#
.....# #............# #.# #.#
....[###.........Z#.####.# #.#
.....##.........@WZ......# #.#
.....##.....#####Z......#####.#
.....[......'..###'''###'...#.#
'######.....####.......####.#.#
......#.....# ##.....## #.#.#
......#.....# #.......# #.#.#
......#.....# ##.$)$.## #.#'###
............# #..#.#.. #......
.####.......#
############....#.


You could see a spectral centaur, KamiKatze's ghost, an unseen horror simulacrum
and a howler monkey skeleton.

Vanquished Creatures
  Maggie (D:6)
  2 water moccasins
  2 ice beasts (D:6)
  A black bear (D:4)
  A centaur (D:6)
  A phantom (D:6)
  A scorpion (D:6)
  4 wights (D:6)
  2 hounds (D:6)
  2 iguanas
  An orc wizard (D:4)
  Robin (D:2)
  9 gnolls
  10 adders
  3 river rats (D:3)
  An ufetubus (D:4)
  7 worms
  8 orcs
  9 ball pythons
  7 endoplasms
  3 giant cockroaches
  19 goblins
  12 hobgoblins
  3 jackals (D:1)
  10 kobolds
  5 quokkas
  5 bats
  2 frilled lizards (D:1)
  5 rats
137 creatures vanquished.

Notes
Turn   | Place    | Note
-------+----------+-------------------------------------------
     0 | D:1      | Demigod47 the Minotaur Fighter began the quest for the Orb.
     0 | D:1      | Reached XP level 1. HP: 19/19 MP: 0/0
   374 | D:1      | Reached XP level 2. HP: 27/27 MP: 1/1
   506 | D:1      | Found a faded altar of an unknown god.
  1201 | D:2      | Reached XP level 3. HP: 33/33 MP: 2/2
  1209 | D:2      | Reached skill level 3 in Maces & Flails
  1517 | D:2      | Found Fikyop's General Store.
  1517 | D:2      | Noticed Robin
  1560 | D:2      | Killed Robin
  1561 | D:2      | Reached XP level 4. HP: 28/40 MP: 3/3
  2543 | D:3      | Reached skill level 4 in Maces & Flails
  2554 | D:3      | Reached XP level 5. HP: 16/46 MP: 4/4
  3011 | D:2      | Bought a scroll of enchant weapon for 97 gold pieces
  3063 | D:4      | Noticed a water moccasin
  3069 | D:4      | Killed a water moccasin
  3070 | D:4      | Reached skill level 5 in Fighting
  3070 | D:4      | Reached skill level 1 in Dodging
  3070 | D:4      | Reached XP level 6. HP: 51/56 MP: 5/5
  3175 | D:4      | Reached skill level 5 in Armour
  3303 | D:4      | Reached skill level 5 in Maces & Flails
  3618 | D:4      | Found a basalt altar of Yredelemnul.
  4251 | D:4      | Reached skill level 1 in Stealth
  4251 | D:4      | Reached XP level 7. HP: 56/61 MP: 6/6
  4530 | D:5      | Entered Level 5 of the Dungeon
  4771 | D:5      | Reached skill level 6 in Maces & Flails
  4790 | D:5      | Noticed Eustachio
  4801 | D:5      | HP: 3/61 [centaur/arrow (6)]
  5340 | D:6      | Reached skill level 7 in Maces & Flails
  5340 | D:6      | Reached skill level 5 in Shields
  5493 | D:6      | Reached XP level 8. HP: 52/67 MP: 7/7
  5824 | D:6      | Found a runed translucent gate.
  5824 | D:6      | Found a runed translucent gate.
  5824 | D:6      | Found a runed translucent gate.
  5825 | D:6      | Noticed KamiKatze's ghost (novice PaFi)
  6236 | D:6      | Reached skill level 8 in Maces & Flails
  6268 | D:6      | Noticed Maggie
  6284 | D:6      | Killed Maggie
  6737 | D:6      | Slain by an unseen horror simulacrum

Illustrated notes

Levels and vault maps discovered:
D:1:      dpeg_arrival_renting, layout_loops_ring, serial_rivers,
          chequers_serial_rivers_micro_a, chequers_serial_rivers_large_a,
          chequers_serial_rivers_room_a, chequers_serial_rivers_large_b,
          chequers_ecumenical_altar_simple_redux, minmay_misc_feat_secret_circle
D:2:      layout_basic, serial_shops, nicolae_square_shop, uniq_robin
D:3:      layout_rooms, lightli_sewer_entry_pipes
D:4:      corexii_shantytown, layout_loops_corners, lemuel_round_altar
D:5:      layout_basic, serial_shops, nicolae_shop_waterfront,
          gammafunk_ghost_gnarly_gnolls, uniq_sigmund, uniq_menkaure,
          uniq_eustachio
D:6:      layout_basic, gammafunk_ghost_necromancy, kennysheep_generic_room_7,
          uniq_maggie

Skill      XL: |  1  2  3  4  5  6  7  8 |
---------------+-------------------------+-----
Fighting       | 4 5 6 |  6.7
Shields        | 4 5 |  5.4
Armour         | 4 5 6 7 |  7.6
Maces & Flails | 3 4 5 7 8 |  8.5
Dodging        | 1 2 3 |  3.0
Stealth        | 1 |  1.3

Action                   |  1- 3 |  4- 6 |  7- 9 || total
-------------------------+-------+-------+-------++-------
Melee: Flail             |   104 |   184 |   106 ||   394
       Headbutt          |    11 |    27 |    24 ||    62
  Use: Potion            |     4 |     2 |     5 ||    11
       Scroll            |       |     7 |     3 ||    10
Armor: Scale mail        |    51 |    88 |    68 ||   207
Dodge: Dodged            |    39 |    95 |    74 ||   208
Block: Buckler           |    22 |    57 |    29 ||   108
